Map: Zen LE

Players

Crag

  • Race: Terran Terran
  • League: Diamond
  • Spawn Location: 1:00

VOD

Have the link to the VOD?

Description

Time

  • Played on: April 30, 2020, 2:03 p.m.
  • Length: 5:07
Show
View Real Time Build Order
Export as new Build Order

Crag Terran 

Build Orders:  

Get SALT Encoding   

  12  0:01  SCV  
  13  0:18  SCV  
  14  0:25  Supply Depot  
  14  0:35  Refinery  
  14  0:39  SCV  
  15  0:56  SCV  
  16  1:04  Barracks  
  16  1:13  SCV  
  16  1:19  Refinery  
  17  1:30  SCV  
  18  1:47  SCV  
  19  2:04  SCV  
  20  2:11  Factory  
  20  2:13  Barracks Reactor  
  20  2:22  Orbital Command  
  20  2:33  Supply Depot  
  20  2:57  SCV  
  21  3:20  Hellion x2  
  21  3:26  Starport  
  21  3:27  SCV  
  26  3:31  Barracks Tech Lab  
  26  3:44  Supply Depot, SCV  
  27  3:51  Hellion  
  27  3:55  Hellion  
  31  4:14  SCV  
  31  4:18  Supply Depot  
  32  4:20  Hellion  
  32  4:25  Hellion  
  37  4:48  Barracks Tech Lab  
Tags
 
League
Diamond
Matchup
Co-op
Add a new tag
Caveats
  • Supply blocks, unpowered buildings, or Contaminate may cause inaccurate times.
  • Supply counts are checked every 10 seconds.